AoeStats
← |GaoeG| flamingo

MegaRandom

509099649Analyzed
2v2 RM · 6d ago on Sep 25, 2026· 55m 17s· 4 players
Game mode
Random Map
Map size
Medium (4 player)
Population
200
Speed
Normal
Resources
Standard
Victory
Conquest
Starting age
Dark Age
Ending age
Imperial Age
RankedLock teamsTeams togetherTeam positionsShared explorationLock speedFull tech treeHidden civsTurbo modeCheats
Victory
Defeat
🇪🇸 Byzantines · Spain
1370
+15
🇪🇸 Saracens · Spain
1272
+18
🇨🇳 Turks · China
1379
-18
🇦🇷 Koreans · Argentina
1289
-15
|GaoeG| flamingo
0:39 Loom
9:51 Feudal Age
11:21 Double-Bit Axe
11:18 Horse Collar
20:06 Forging
22:21 Castle Age
21:14 Bloodlines
21:05 Gold Mining
22:22 Scale Barding Armor
23:11 Light Cavalry
24:17 Bow Saw
24:10 Heavy Plow
24:24 Husbandry
30:27 Chain Barding Armor
37:58 Wheelbarrow
44:57 Imperial Age
46:47 Plate Barding Armor
46:48 Iron Casting
48:47 Heavy Camel Rider
50:36 Conscription
51:08 Hussar
53:48 Hand Cart
56:09 Blast Furnace
JITANOmaleant7
9:28 Feudal Age
12:16 Loom
17:04 Castle Age
15:34 Double-Bit Axe
15:31 Horse Collar
21:57 Scale Mail Armor
22:37 Squires
24:16 Chain Mail Armor
24:17 Gold Mining
27:19 Forging
29:59 Wheelbarrow
30:43 Fletching
30:55 Padded Archer Armor
31:40 Bodkin Arrow
31:20 Elite Skirmisher
32:21 Leather Archer Armor
33:50 Ballistics
38:03 Imperial Age
38:19 Bow Saw
38:51 Bracer
39:55 Chemistry
39:43 Ring Archer Armor
41:24 Conscription
43:24 Heavy Plow
44:25 Two-Man Saw
43:20 Gold Mining
46:32 Pikeman
47:46 Plate Mail Armor
47:51 Iron Casting
48:01 Crop Rotation
47:53 Halberdier
阿立
0:33 Loom
11:37 Feudal Age
15:05 Double-Bit Axe
18:17 Castle Age
17:50 Fletching
19:06 Bodkin Arrow
20:09 Crossbowman
23:06 Bow Saw
25:04 Horse Collar
26:18 Heavy Plow
28:23 Wheelbarrow
30:03 Hand Cart
29:36 Town Watch
29:49 Gold Mining
30:14 Stone Mining
32:01 Ballistics
34:54 Thumb Ring
35:33 Gold Shaft Mining
38:13 Imperial Age
39:00 Bracer
40:09 Scale Mail Armor
42:52 Chain Mail Armor
43:10 Forging
43:57 Squires
53:44 Chemistry
2067
7:10 Loom
9:24 Feudal Age
10:10 Double-Bit Axe
10:34 Horse Collar
13:40 Town Watch
17:42 Gold Mining
20:31 Castle Age
19:10 Stone Mining
22:38 Padded Archer Armor
29:09 Sanctity
31:45 Wheelbarrow
31:39 Leather Archer Armor
35:58 Hand Cart
40:25 Imperial Age
37:59 Heavy Plow
39:45 Fletching
41:47 Conscription
42:36 Ring Archer Armor
43:02 Bodkin Arrow
43:49 Artillery
44:32 Husbandry
44:43 Bloodlines
44:10 Elite Janissary
46:49 Bombard Tower
46:31 Bracer
46:56 Scale Barding Armor
47:01 Forging
46:33 Heavy Camel Rider
49:52 Chain Barding Armor
55:21 Plate Barding Armor
Connection lost

Rejoining the realm…

Still unreachable

The connection could not be restored.

Session expired

The server has moved on; the page needs a fresh start.